 Dungeon Crawl Stone Soup version 0.18-a0-1078-gebb93d0 (webtiles) character file.

135 gorblad the Shield-Bearer (level 5, -1/41 HPs)
             Began as a Human Fighter on Jan 14, 2016.
             Slain by a quokka (2 damage)
             ... summoned by Eustachio
             ... on level 4 of the Dungeon.
             The game lasted 00:05:50 (3019 turns).

gorblad the Shield-Bearer (Human Fighter)           Turns: 3019, Time: 00:05:51

Health: -1/41      AC:  7    Str: 23    XL:     5   Next: 41%
Magic:  5/5        EV:  7    Int: 11    God:
Gold:   130        SH:  9    Dex: 12    Spells: 0 memorised, 4 levels left

rFire  . . .     SeeInvis .     a - +2 long sword
rCold  . . .     Gourm    .     b - +0 scale mail
rNeg   . . .     Faith    .     c - +0 shield
rPois  .         Spirit   .     (no helmet)
rElec  .         Dismiss  .     (no cloak)
rCorr  .         Reflect  .     (no gloves)
SustAt .         Harm     .     p - +0 pair of boots
MR     .....                    (no amulet)
Stlth  ..........               (no ring)
                                o - +3 ring of intelligence

@: mighty, very slightly contaminated, very heavily drained, invisible, not
resistant to hostile enchantments, extremely unstealthy
A: no striking features
a: no special abilities


You were on level 4 of the Dungeon.
You were not hungry.

You visited 1 branch of the dungeon, and saw 4 of its levels.

You collected 130 gold pieces.

Inventory:

Hand Weapons
 a - a +2 long sword (weapon)
Armour
 b - a +0 scale mail (worn)
 c - a +0 shield (worn)
 p - a +0 pair of boots (worn)
Jewellery
 i - an uncursed ring of ice
 o - a +3 ring of intelligence (left hand)
Scrolls
 h - a scroll of recharging
 s - a scroll of immolation {unknown}
Potions
 g - 2 potions of magic
 m - a potion of mutation
Comestibles
 f - 3 bread rations
 j - a beef jerky
 l - 3 meat rations
 r - 5 fruits


   Skills:
 - Level 3.0(0.0) Fighting
 - Level 2.0(0.0) Long Blades
 - Level 3.0(0.0) Armour
 * Level 5.7(1.8) Shields


You had 4 spell levels left.
You didn't know any spells.

Dungeon Overview and Level Annotations

Branches:
Dungeon (4/15)
 Temple: D:4-7

Altars:
Gozag
Ru
Sif Muna

Annotations:
D:4 Eustachio


Message History

* * * LOW HITPOINT WARNING * * *
You hit Eustachio.
Eustachio is severely wounded.
Eustachio mumbles some strange words.
Eustachio blinks!
Eustachio mumbles some strange words.
You block the rat's attack.
Your shield prevents you from hitting the rat.
The rat disappears in a puff of smoke!
You block the quokka's attack.
You completely miss the quokka. You block the quokka's attack.
The quokka bites you but does no damage.
Eustachio growls, "To hell with you, honourless miscreant!"
Eustachio hits you with a rapier of draining.
* * * LOW HITPOINT WARNING * * *
You feel drained.
* * * LOW HITPOINT WARNING * * *
Drink which item? (? for menu, Esc to quit)
You feel very mighty all of a sudden. The quokka bites you.
You die...

####### #.....#
#r###.# #@# #.####
#.### #@# #....#
..55..#r#
####'####
....@...#
#......###
.####.###
#........# #.
#......#.# #
###...<#.####
########.........#
.........#######..
##.###.#.#


You could see Eustachio and 2 quokkas.

Vanquished Creatures
  An orc priest (D:3)
  A worker ant (D:3)
  2 adders
  An ooze (D:3)
  A worm (D:3)
  3 orcs (D:3)
  7 bats
  5 giant cockroaches
  7 hobgoblins
  2 jackals (D:1)
  4 kobolds
  A quokka (D:2)
  6 giant newts
  5 goblins
  9 rats
55 creatures vanquished.

Notes
Turn   | Place    | Note
--------------------------------------------------------------
     0 | D:1      | gorblad the Human Fighter began the quest for the Orb.
     0 | D:1      | Reached XP level 1. HP: 18/18 MP: 1/1
   122 | D:1      | Reached XP level 2. HP: 17/24 MP: 2/2
   725 | D:1      | Reached skill level 4 in Shields
   725 | D:1      | Reached XP level 3. HP: 29/29 MP: 3/3
   856 | D:2      | Found an opulent altar of Gozag.
  1265 | D:2      | Found a deep blue altar of Sif Muna.
  1496 | D:2      | Found a faded altar to an unknown god.
  1839 | D:3      | Reached XP level 4. HP: 35/35 MP: 4/4
  2051 | D:3      | Reached skill level 5 in Shields
  2387 | D:3      | Found a sacrificial altar of Ru.
  2561 | D:3      | Reached XP level 5. HP: 12/41 MP: 5/5
  2949 | D:4      | Noticed Eustachio
  3018 | D:4      | HP: 2/41 [Eustachio/rapier of draining (2)]
  3019 | D:4      | Slain by a quokka

Vault maps used:
D:1:      dpeg_arrival_connections
D:2:      nicolae_gozag_seed_capital, ecumenical_altar_1, hangedman_decor_push,
          lemuel_blue_sif_altar
D:3:      hangedman_ru_absence, bh_walls_and_bars
D:4:      johnstein_pakellas_dig, interstate_on_off, uniq_eustachio

Action                   |  1- 3 |  4- 6 || total
-------------------------+-------+-------++-------
Melee: Long sword        |   114 |   128 ||   242
  Use: Scroll            |     9 |     4 ||    13
       Potion            |       |     7 ||     7
  Eat: Chunk             |     3 |     4 ||     7
